Map: Dusk Towers

Players

GriM - Winner!

  • Race: Protoss Protoss
  • League: Platinum

Copenhagen

  • Race: Zerg Zerg
  • League: Platinum

VOD

Have the link to the VOD?

Description

Time

  • Played on: Dec. 25, 2015, 9:31 p.m.
  • Length: 7:58
Show
View Real Time Build Order
Export as new Build Order

GriM Protoss - Winner!

Build Orders:  

Get SALT Encoding   

  12  0:01  Probe (Chrono Boost)  
  13  0:11  Probe (Chrono Boost)  
  14  0:19  Pylon  
  14  0:23  Probe (Chrono Boost)  
  15  0:38  Probe (Chrono Boost)  
  16  0:48  Probe (Chrono Boost)  
  17  0:59  Probe (Chrono Boost)  
  18  1:06  Nexus  
  18  1:21  Gateway  
  18  1:23  Assimilator  
  18  1:29  Probe (Chrono Boost), Assimilator  
  20  1:40  Probe (Chrono Boost)  
  20  1:50  Probe (Chrono Boost)  
  21  1:59  Gateway  
  21  2:11  Cybernetics Core, Zealot (Chrono Boost)  
  23  2:18  Probe (Chrono Boost)  
  23  2:19  Pylon  
  24  2:29  Probe  
  24  2:30  Probe  
  26  2:40  Probe  
  28  2:47  Mothership Core  
  28  2:48  Warp Gate (Chrono Boost)  
  28  2:50  Zealot (Chrono Boost)  
  31  2:59  Probe, Robotics Facility  
  32  3:08  Probe  
  32  3:11  Probe  
  34  3:20  Probe  
  34  3:22  Probe  
  34  3:23  Twilight Council  
  36  3:32  Probe, Pylon  
  37  3:35  Zealot  
  37  3:36  Probe  
  40  3:45  Immortal  
  44  3:49  Probe  
  44  3:50  Probe  
  46  4:02  Probe  
  47  4:04  Probe  
  48  4:10  Charge (Chrono Boost)  
  48  4:14  Probe  
  49  4:19  Probe  
  50  4:25  Gateway  
  50  4:26  Gateway  
  50  4:30  Gateway  
  50  4:36  Gateway  
  50  4:38  Gateway  
  50  4:41  Probe  
  50  4:42  Probe  
  52  4:56  Pylon  
  52  5:05  Pylon  
  52  5:07  Pylon  
  52  5:08  Immortal  
  54  5:18  Zealot x2  
  56  5:27  Mothership Core  
  58  5:34  Zealot x4  
  58  5:35  Zealot  
  62  5:47  Zealot x2  
  62  5:48  Warp Prism  
  66  5:57  Zealot x5  
  72  6:14  Zealot  
  72  6:15  Zealot  
  76  6:34  Pylon  
  76  6:35  Pylon  
  76  6:36  Pylon  
  76  6:39  Pylon  
  76  6:41  Pylon  
  76  7:00  Zealot x6  
  76  7:01  Zealot  
  70  7:20  Zealot x7  
  80  7:37  Nexus  
  80  7:40  Zealot x2  
  80  7:41  Zealot x3  
Show
View Real Time Build Order
Export as new Build Order

Copenhagen Zerg 

Build Orders: Pool First 

Get SALT Encoding   

  12  0:01  Drone  
  13  0:24  Spawning Pool  
  13  0:27  Drone, Extractor  
  12  0:32  Drone  
  13  0:37  Drone  
  14  0:46  Overlord  
  14  1:05  Drone x2  
  14  1:10  Queen  
  18  1:15  Drone  
  19  1:21  Drone  
  20  1:32  Drone  
  21  1:44  Drone  
  21  1:45  Roach Warren  
  21  1:54  Drone  
  21  2:01  Extractor  
  21  2:04  Drone  
  21  2:26  Evolution Chamber  
  20  2:30  Drone x2  
  20  2:34  Evolution Chamber, Overlord x2  
  21  2:44  Drone  
  22  2:52  Drone x2  
  22  2:54  Drone  
  22  2:56  Roach  
  27  3:01  Zerg Missile Weapons Level 1  
  27  3:12  Zerg Ground Armor Level 1  
  27  3:16  Roach  
  29  3:23  Roach  
  29  3:26  Roach  
  33  3:31  Roach  
  35  3:40  Lair  
  35  3:45  Roach  
  37  3:57  Overlord  
  37  3:58  Overlord  
  37  4:14  Ravager  
  37  4:15  Ravager x3  
  41  4:17  Roach  
  41  4:20  Roach  
  45  4:36  Hatchery  
  44  4:41  Roach  
  44  4:45  Roach  
  48  4:49  Glial Reconstitution  
  48  4:54  Roach  
  50  5:02  Roach  
  52  5:23  Roach x2  
  53  5:40  Overlord x2  
  53  5:41  Overlord  
  28  6:13  Roach x6  
  28  6:17  Ravager  
  28  6:18  Ravager  
  42  6:19  Queen  
  44  6:28  Roach x2  
  48  6:35  Roach x2  
  52  6:46  Roach  
  54  6:50  Extractor  
  54  6:53  Extractor  
  41  7:06  Roach x3  
  36  7:19  Zergling x2  
  36  7:20  Zergling x6  
  25  7:30  Zergling x2  
  25  7:31  Zergling x2  
Tags
 
Add a new tag
Caveats
  • Supply blocks, unpowered buildings, or Contaminate may cause inaccurate times.
  • Supply counts are checked every 10 seconds.